Map: [ESL] Data-C

Players

PappiJoe - Winner!

  • Race: Protoss Protoss
  • Spawn Location: 3:00

AZTEX

  • Race: Protoss Protoss
  • Spawn Location: 9:00

Event: DreamHack SC2 Masters 2022 Valencia

VOD

Have the link to the VOD?

Description

Time

  • Played on: July 1, 2022, 1:58 p.m.
  • Length: 11:21

All games in this series

Show
View Real Time Build Order
Export as new Build Order

PappiJoe Protoss - Winner!

Build Orders:  

Get SALT Encoding   

  12  0:00  Probe  
  13  0:12  Probe  
  14  0:17  Pylon  
  14  0:25  Probe (Chrono Boost)  
  15  0:37  Probe (Chrono Boost), Gateway  
  16  0:45  Probe (Chrono Boost)  
  16  0:47  Assimilator  
  17  0:51  Probe  
  17  0:55  Assimilator  
  18  1:03  Probe  
  19  1:09  Gateway  
  19  1:15  Probe (Chrono Boost)  
  21  1:25  Probe (Chrono Boost)  
  21  1:27  Cybernetics Core  
  21  1:30  Probe (Chrono Boost)  
  22  1:41  Probe  
  22  1:44  Pylon  
  23  2:03  Robotics Facility  
  23  2:05  Stalker  
  25  2:09  Stalker  
  25  2:12  Warp Gate  
  27  2:22  Pylon  
  27  2:35  Stalker  
  29  2:41  Stalker  
  31  2:50  Immortal (Chrono Boost)  
  35  3:09  Gateway  
  35  3:28  Pylon  
  35  3:33  Twilight Council  
  34  3:54  Nexus  
  34  3:55  Probe  
  35  4:04  Shield Battery  
  35  4:07  Probe  
  36  4:14  Blink  
  36  4:19  Probe  
  36  4:21  Sentry  
  39  4:24  Sentry  
  41  4:34  Robotics Facility  
  41  4:39  Phoenix  
  41  4:44  Shield Battery  
  41  4:49  Shield Battery  
  41  4:50  Probe  
  42  4:56  Stalker  
  44  5:02  Pylon, Probe  
  45  5:07  Probe  
  46  5:14  Probe  
  47  5:27  Stalker  
  49  5:28  Phoenix  
  49  5:40  Observer  
  50  5:56  Stalker  
  50  5:57  Stalker  
  53  5:58  Probe x2  
  53  6:00  Assimilator  
  55  6:12  Stalker  
  55  6:13  Probe  
  55  6:15  Pylon  
  55  6:16  Probe  
  59  6:21  Observer  
  61  6:25  Probe (Chrono Boost)  
  61  6:29  Probe (Chrono Boost)  
  61  6:31  Phoenix  
  62  6:37  Probe (Chrono Boost)  
  62  6:39  Probe (Chrono Boost)  
  64  6:40  Nexus  
  64  6:42  Probe (Chrono Boost)  
  64  6:44  Probe (Chrono Boost)  
  66  6:48  Pylon  
  66  6:52  Probe  
  67  6:55  Probe  
  68  7:04  Probe  
  68  7:05  Assimilator  
  68  7:07  Probe  
  70  7:10  Gateway  
  70  7:16  Probe  
  70  7:17  Pylon  
  70  7:19  Probe, Phoenix  
  71  7:28  Probe  
  72  7:31  Templar Archives, Probe  
  73  7:39  Charge  
  73  7:40  Probe, Gateway x2  
  73  7:41  Observer  
  73  7:43  Probe  
  76  7:48  Stalker x2  
  80  7:52  Probe x2  
  80  7:56  Forge  
  82  7:59  Probe  
  82  8:00  Shield Battery  
  82  8:04  Probe x2  
  85  8:11  Probe  
  86  8:16  Probe x2  
  88  8:21  High Templar x2  
  88  8:23  Probe  
  88  8:24  Assimilator  
  88  8:26  Protoss Ground Weapons Level 1 (Chrono Boost), Assimilator  
  93  8:28  Probe x2  
  93  8:30  Archon, High Templar  
  93  8:31  Pylon, High Templar  
  93  8:32  Pylon  
  99  8:34  Pylon  
  99  8:36  Pylon, Archon  
  99  8:37  Zealot  
  101  8:49  Probe x3  
  101  8:50  Pylon  
  104  9:03  High Templar x2  
  104  9:04  Zealot x4  
  104  9:07  Gateway  
  104  9:08  Gateway  
  116  9:12  Warp Prism (Chrono Boost)  
  116  9:15  Archon  
  118  9:22  Probe x3  
  121  9:25  High Templar x2  
  121  9:30  Nexus  
  125  9:33  Pylon  
  125  9:35  Archon  
  125  9:42  Zealot x4  
  133  9:56  Pylon  
  133  9:59  High Templar x2  
  137  10:02  High Templar x2  
  137  10:03  Zealot x4  
  149  10:07  Photon Cannon, Pylon  
  149  10:08  Archon x2  
  149  10:13  Photon Cannon  
  148  10:17  Photon Cannon  
  148  10:20  Probe x2  
  148  10:21  Probe  
  151  10:32  Probe  
  151  10:34  High Templar x2  
  151  10:35  High Templar x2  
  156  10:36  Zealot x4  
  156  10:40  Archon x2  
  156  10:42  Pylon  
  150  10:57  Stalker x4  
  152  11:08  Zealot x3  
  152  11:09  Zealot  
Show
View Real Time Build Order
Export as new Build Order

AZTEX Protoss 

Build Orders: Proxy Void Ray 

Get SALT Encoding   

  12  0:00  Probe  
  13  0:12  Probe  
  14  0:18  Pylon  
  14  0:24  Probe  
  15  0:36  Probe (Chrono Boost)  
  15  0:40  Gateway  
  16  0:46  Probe (Chrono Boost)  
  16  0:47  Assimilator  
  17  0:51  Probe (Chrono Boost)  
  18  0:58  Assimilator  
  18  1:03  Probe  
  19  1:11  Gateway  
  19  1:15  Probe  
  20  1:27  Cybernetics Core  
  20  1:29  Probe  
  21  1:35  Pylon  
  21  1:42  Probe  
  22  1:54  Probe  
  23  2:05  Stargate  
  23  2:06  Probe  
  24  2:10  Zealot (Chrono Boost)  
  26  2:23  Zealot (Chrono Boost)  
  26  2:28  Warp Gate  
  28  2:32  Pylon, Probe  
  28  2:33  Zealot (Chrono Boost)  
  31  2:51  Zealot  
  37  3:00  Void Ray (Chrono Boost)  
  36  3:06  Pylon  
  36  3:09  Zealot  
  36  3:33  Void Ray  
  38  3:34  Shield Battery  
  38  3:38  Shield Battery  
  38  3:40  Shield Battery  
  36  3:45  Zealot  
  36  3:56  Shield Battery  
  36  3:58  Shield Battery  
  36  4:00  Pylon  
  36  4:23  Void Ray (Chrono Boost)  
  40  4:28  Adept x2  
  44  4:37  Pylon  
  48  5:00  Void Ray  
  48  5:28  Nexus  
  48  5:32  Pylon  
  48  5:38  Twilight Council  
  48  5:57  Probe  
  48  5:58  Void Ray (Chrono Boost)  
  49  6:08  Robotics Facility  
  49  6:11  Charge (Chrono Boost)  
  49  6:20  Shield Battery  
  49  6:25  Probe  
  50  6:37  Probe  
  55  6:49  Probe x2  
  55  6:52  Void Ray  
  57  6:56  Observer  
  57  7:01  Probe, Assimilator  
  58  7:02  Probe  
  59  7:13  Probe  
  59  7:14  Probe  
  59  7:15  Zealot  
  63  7:17  Observer  
  64  7:24  Zealot  
  64  7:25  Probe (Chrono Boost)  
  68  7:31  Probe (Chrono Boost)  
  68  7:36  Probe (Chrono Boost)  
  69  7:40  Probe (Chrono Boost)  
  69  7:41  Probe (Chrono Boost)  
  71  7:44  Immortal (Chrono Boost)  
  71  7:50  Probe  
  71  7:51  Pylon, Probe  
  76  7:58  Pylon  
  77  8:02  Probe  
  78  8:09  Probe  
  79  8:12  Observer  
  79  8:14  Probe  
  79  8:19  Observer  
  84  8:21  Void Ray, Probe  
  84  8:25  Zealot x2  
  84  8:27  Probe  
  90  8:36  Pylon  
  90  8:41  Immortal (Chrono Boost)  
  92  9:02  Nexus  
  92  9:06  Sentry x2  
  96  9:10  Warp Prism (Chrono Boost)  
  96  9:13  Probe  
  96  9:14  Probe  
  100  9:20  Gateway  
  100  9:23  Gateway  
  100  9:28  Gateway  
  100  9:33  Gateway  
  100  9:38  Pylon  
  100  9:43  Pylon  
  100  9:45  Pylon  
  100  9:47  Probe  
  101  9:56  Shield Battery  
  101  9:59  Shield Battery  
  101  10:02  Templar Archives  
  101  10:06  Zealot  
  103  10:11  Immortal (Chrono Boost)  
  107  10:17  Probe x2  
  107  10:19  Probe  
  110  10:24  Zealot  
  112  10:32  Zealot x2  
  112  10:33  Zealot  
  112  10:35  Probe x2  
  120  10:43  Pylon, Probe  
  120  10:48  Zealot x3  
  115  10:54  Zealot x2  
  95  11:00  Zealot  

Tags
 
Add a new tag
Caveats
  • Supply blocks, unpowered buildings, or Contaminate may cause inaccurate times.
  • Supply counts are checked every 10 seconds.